 Dungeon Crawl Stone Soup version 0.17.2-1-ge4368a0 (webtiles) character file.

16690 Blowhard the Grappler (level 12, -4/101 HPs)
             Began as a Troll Warper on July 9, 2017.
             Was the Champion of Cheibriados.
             Slain by a gnoll sergeant
             ... wielding a cursed -3 spear
              (9 damage)
             ... on level 12 of the Dungeon.
             The game lasted 00:16:48 (12140 turns).

Blowhard the Grappler (Troll Warper)               Turns: 12140, Time: 00:16:48

Health: -4/101     AC:  6    Str: 37      XL:     12   Next: 12%
Magic:  17/17      EV: 16    Int: 28 (29) God:    Cheibriados [******]
Gold:   639        SH:  0    Dex: 28      Spells: 3 memorised, 10 levels left

rFire  + . .     SeeInvis .       - Unarmed
rCold  + + .     Clarity  +     D - +2 robe {rC+ rF+}
rNeg   . . .     SustAt   .     (no shield)
rPois  .         Gourm    +     s - +0 hat
rElec  .         Spirit   .     (no cloak)
rCorr  .         Warding  .     (gloves unavailable)
rMut   +         Stasis   .     (boots unavailable)
MR     .....                    H - amulet of resist mutation
Stlth  +.........               g - ring of protection from cold
                                o - ring of wizardry

@: brilliant, silence, slowed, very slow, not resistant to hostile enchantments,
very unstealthy
A: unfitting armour, claws 3, berserk 2, breathe flames 1, clarity, deformed
body, deterioration 1, fast metabolism 3, gourmand, low mp 1, regeneration 3,
shaggy fur 1, tough skin 2, subdued magic 1
a: Renounce Religion, Breathe Fire


You were on level 12 of the Dungeon.
You worshipped Cheibriados.
Cheibriados was exalted by your worship.
You were very full.

You visited 3 branches of the dungeon, and saw 14 of its levels.

You collected 639 gold pieces.

Inventory:

Hand Weapons
 u - a +0 giant spiked club
Missiles
 d - 5 tomahawks of dispersal (quivered)
 f - 2 throwing nets
Armour
 a - a +0 robe
 s - a +0 hat (worn)
 y - a +1 troll leather armour
 D - a +2 robe of resistance (worn)
Jewellery
 g - a ring of protection from cold (right claw)
 n - an uncursed amulet of resist corrosion
 o - a ring of wizardry (left claw)
 q - an uncursed ring of positive energy
 r - an uncursed ring of stealth
 H - an amulet of resist mutation (around neck)
 M - an uncursed ring of protection from magic {unknown}
Wands
 c - a wand of digging (15)
 v - a wand of polymorph (15)
 w - a wand of slowing (21)
 x - a wand of paralysis (5)
 z - a wand of confusion (23)
 C - a wand of slowing (9)
 E - a wand of polymorph (9)
 F - a wand of draining (2)
Scrolls
 h - 2 scrolls of enchant weapon
 k - 10 scrolls of identify
 p - 8 scrolls of remove curse
 t - 2 scrolls of fear
 A - 3 scrolls of teleportation
 O - a scroll of enchant armour
 Q - a scroll of blinking
 R - a scroll of magic mapping
Potions
 K - 2 potions of lignification {unknown}
 L - 2 potions of flight {unknown}
 N - a potion of ambrosia {unknown}
 P - a potion of agility
Books
 b - a book of Spatial Translocations

   Spells                             Type                      Level
   a - Apportation                    Translocation                1
   b - Blink                          Translocation                2
   c - Shroud of Golubria             Charms/Translocation         2
   d - Portal Projectile              Translocation                3
   e - Teleport Other                 Translocation                3
   f - Passage of Golubria            Translocation                4
 B - a book of Geomancy

   Spells                             Type                      Level
   a - Sandblast                      Earth                        1
   b - Stoneskin                      Transmutation/Earth          2
   c - Passwall                       Transmutation/Earth          3
   d - Stone Arrow                    Conjuration/Earth            3
   e - Petrify                        Transmutation/Earth          4
   f - Lee's Rapid Deconstruction     Earth                        5
Comestibles
 e - 8 bread rations
 i - 3 royal jellies
 j - 6 beef jerkies
 l - 3 slices of pizza
 m - 3 meat rations


   Skills:
 + Level 2.2 Fighting
 - Level 0.8 Throwing
 + Level 5.7 Dodging
 * Level 12.0 Unarmed Combat
 - Level 3.1 Spellcasting
 - Level 5.7 Translocations
 - Level 10.9 Invocations


You had 10 spell levels left.
You knew the following spells:

 Your Spells              Type           Power        Failure   Level  Hunger
b - Blink                 Tloc           N/A          1%          2    #......
h - Passage of Golubria   Tloc           N/A          1%          4    ####...
A - Apportation           Tloc           #####.....   1%          1    None


Dungeon Overview and Level Annotations

Branches:
Dungeon (12/15)            Temple (1/1) D:5            Lair (1/8) D:8
    Orc (0/4) D:10

Altars:
Ashenzari
Cheibriados
Dithmenos
Elyvilon
Fedhas
Gozag
Kikubaaqudgha
Makhleb
Nemelex Xobeh
Okawaru
Qazlal
Ru
Sif Muna
Trog
Vehumet
Xom
Yredelemnul
Zin
The Shining One

Shops:
D:6 }

Portals:
Trove: D:10 (give wand of heal wounds (8))


Innate Abilities, Weirdness & Mutations

You are too large for most types of armour.
You have claws for hands.
Your metabolism is lightning-fast.
You like to eat raw meat.
You regenerate.
You are covered in fur (AC +1).
You have very tough skin (AC +2).
You often lose your temper in combat.
You can breathe flames.
You possess an exceptional clarity of mind.
Armour fits poorly on your strangely shaped body.
Your body sometimes deteriorates upon taking damage.
Your magical capacity is low (-10% MP).
Your spells are a little easier to cast, but a little less powerful.


Message History

You feel your strength returning. The ice beast closely misses you.
The gnoll hits you.
* * * LOW HITPOINT WARNING * * *
The gnoll sergeant hits you but does no damage.
The slime creature hits you!
* * * LOW HITPOINT WARNING * * *
The ice beast hits you but does no damage.
Read which item? (? for menu, Esc to quit)
Okay, then.
Drink which item? (? for menu, Esc to quit)
You feel better. The gnoll closely misses you.
The gnoll sergeant closely misses you.
The slime creature hits you but does no damage.
The ice beast barely misses you. The gnoll hits you!
* * * LOW HITPOINT WARNING * * *
Drink which item? (? for menu, Esc to quit)
It was a potion of brilliance.
You feel clever all of a sudden.
The gnoll sergeant hits you from afar with a spear!
You die...

.##.........†.#
#.....>.........#
#....#..........#
#....#..?.......#
#....#..........#
#....#.(........# .
#......#.########
..[.#gJgY..#........#
...ggZW@...#........#
....#g###.(#........#
. #
#.............####
#.................
#.............####
#..............###
.....>.....!.......
#...............####
#...................


You could see a slime creature, a wraith, an ice beast, a gnoll sergeant, 4
gnolls and a giant frog skeleton.

Vanquished Creatures
  Maud (D:11)
  A hydra (D:12)
  3 hill giants (D:10)
  3 ugly things
  Joseph (D:7)
  4 trolls
  A two-headed ogre (D:11)
  3 slime creatures (D:12)
  Sigmund (D:3)
  A deep elf mage (D:11)
  A hungry ghost (D:9)
  Eustachio (D:6)
  2 wyverns
  4 yaks (D:11)
  2 hippogriffs
  Menkaure (D:7)
  2 mottled dragons
  An ice beast (D:6)
  6 orc warriors
  2 water moccasins
  3 sky beasts
  Duvessa (D:6)
  2 black bears
  A wasp (D:12)
  6 phantoms
  The ghost of Shimatora the Chopper, an amateur DDFi (D:5)
  A necrophage (D:5)
  8 ogres
  An eye of draining (D:8)
  4 centaurs
  A big kobold (D:10)
  A wyvern skeleton (D:6)
  7 giant frogs
  Dowan (D:6)
  16 killer bees
  4 scorpions
  7 wights
  A wasp zombie (D:10)
  11 hounds
  8 crimson imps
  2 jellies
  A quasit (D:8)
  3 orc priests
  24 orc wizards
  5 centaur skeletons
  4 giant frog skeletons
  4 iguanas
  9 worker ants
  7 hound skeletons
  Robin (D:3)
  A gnoll (D:1)
  12 adders
  A river rat (D:8)
  6 shadow imps
  3 adder zombies
  An adder skeleton (D:9)
  2 worms
  13 giant geckos
  60 orcs
  4 giant cockroaches
  16 goblins
  19 hobgoblins
  22 jackals
  2 quokkas
  16 bats
  A giant cockroach zombie (D:5)
  2 giant gecko skeletons (D:5)
  6 giant newts
  20 kobolds
  A quokka skeleton (D:6)
  A quokka zombie (D:5)
  10 rats
  A fungus (D:8)
  A plant (D:8)
407 creatures vanquished.

Vanquished Creatures (others)
  2 fungi (D:8)
2 creatures vanquished.

Grand Total: 409 creatures vanquished

Notes
Turn   | Place    | Note
--------------------------------------------------------------
     0 | D:1      | Blowhard the Troll Warper began the quest for the Orb.
     0 | D:1      | Reached XP level 1. HP: 19/19 MP: 1/1
    76 | D:1      | Reached XP level 2. HP: 27/27 MP: 2/2
   101 | D:1      | Reached skill level 3 in Unarmed Combat
   227 | D:1      | Reached XP level 3. HP: 33/33 MP: 3/3
   537 | D:2      | Reached skill level 4 in Unarmed Combat
   563 | D:2      | Found a shimmering altar of Xom.
   563 | D:2      | Found a shimmering altar of Xom.
   565 | D:2      | Found a shimmering altar of Xom.
   569 | D:2      | Found a white marble altar of Elyvilon.
   614 | D:2      | Found a stormy altar of Qazlal.
   814 | D:2      | Found a sparkling altar of Nemelex Xobeh.
   876 | D:2      | Reached XP level 4. HP: 41/41 MP: 4/4
   965 | D:2      | Found a shimmering altar of Xom.
  1407 | D:3      | Reached skill level 5 in Unarmed Combat
  1495 | D:3      | Noticed Sigmund
  1506 | D:3      | Killed Sigmund
  1506 | D:3      | Reached skill level 6 in Unarmed Combat
  1506 | D:3      | Reached XP level 5. HP: 33/48 MP: 5/5
  1506 | D:3      | Reached XP level 6. HP: 37/55 MP: 6/6
  1655 | D:3      | Noticed Robin
  1682 | D:3      | Killed Robin
  2191 | D:3      | Learned a level 2 spell: Blink
  2196 | D:3      | Learned a level 4 spell: Passage of Golubria
  2550 | D:4      | Reached skill level 7 in Unarmed Combat
  2561 | D:4      | Reached XP level 7. HP: 46/62 MP: 8/8
  2908 | D:4      | Found a basalt altar of Yredelemnul.
  2909 | D:4      | Found a shadowy altar of Dithmenos.
  3329 | D:5      | Entered Level 5 of the Dungeon
  3331 | D:5      | Noticed Shimatora's ghost (amateur DDFi)
  3343 | D:5      | Killed Shimatora's ghost
  3681 | D:5      | Reached skill level 8 in Unarmed Combat
  3739 | D:5      | Found a staircase to the Ecumenical Temple.
  3768 | Temple   | Entered the Ecumenical Temple
  3831 | Temple   | Became a worshipper of Cheibriados the Contemplative
  4143 | D:5      | Reached XP level 8. HP: 65/70 MP: 10/10
  4285 | D:6      | Found a bloodstained altar of Trog.
  4417 | D:6      | Reached * piety under Cheibriados
  4435 | D:6      | Reached skill level 9 in Unarmed Combat
  4565 | D:6      | Noticed Eustachio
  4579 | D:6      | Killed Eustachio
  4675 | D:6      | Reached XP level 9. HP: 68/76 MP: 12/12
  4791 | D:6      | Reached ** piety under Cheibriados
  5331 | D:6      | Found Nuss's Gadget Shoppe.
  5780 | D:6      | Found a bloodstained altar of Trog.
  5933 | D:6      | Found Nuss's Gadget Shoppe.
  6069 | D:6      | Reached skill level 10 in Unarmed Combat
  6285 | D:7      | Noticed Joseph
  6311 | D:7      | Killed Joseph
  6311 | D:7      | Reached *** piety under Cheibriados
  6311 | D:7      | Reached skill level 5 in Translocations
  6486 | D:7      | Noticed Menkaure
  6686 | D:7      | Killed Menkaure
  6699 | D:7      | Noticed Dowan
  6700 | D:7      | Noticed Duvessa
  6881 | D:6      | Killed Duvessa
  6882 | D:6      | Killed Dowan
  7131 | D:6      | Reached skill level 11 in Unarmed Combat
  7131 | D:6      | Reached XP level 10. HP: 49/85 MP: 13/13
  7425 | D:7      | Reached **** piety under Cheibriados
  7523 | D:7      | Reached skill level 5 in Dodging
  7764 | D:8      | Reached ***** piety under Cheibriados
  7825 | D:8      | Found a staircase to the Lair.
  7876 | D:8      | Gained mutation: Armour fits poorly on your strangely shaped body. [mutagenic meat]
  7877 | D:8      | Gained mutation: Your muscles are strong. (Str +2) [mutagenic meat]
  7878 | D:8      | Gained mutation: Your body sometimes deteriorates upon taking damage. [mutagenic meat]
  8158 | D:8      | Reached skill level 1 in Invocations
  8430 | D:8      | Noticed a cyan ugly thing
  8437 | D:8      | Killed a cyan ugly thing
  8515 | D:8      | Gained mutation: You regenerate. [mutagenic meat]
  8516 | D:8      | Gained mutation: You can breathe flames. [mutagenic meat]
  8517 | D:8      | Lost mutation: Your muscles are strong. (Str +2) [mutagenic meat]
  8518 | D:8      | Gained mutation: You tend to lose your temper in combat. [mutagenic meat]
  8705 | D:8      | Found a deep blue altar of Sif Muna.
  8890 | Lair:1   | Entered Level 1 of the Lair of Beasts
  9175 | D:9      | Reached skill level 5 in Invocations
  9438 | D:9      | Gained mutation: Your spells are a little easier to cast, but a little less powerful. [mutagenic meat]
  9439 | D:9      | Gained mutation: You often lose your temper in combat. [mutagenic meat]
  9440 | D:9      | Gained mutation: You possess an exceptional clarity of mind. [mutagenic meat]
  9441 | D:9      | Gained mutation: Your magical capacity is low (-10% MP). [mutagenic meat]
  9690 | D:9      | Reached XP level 11. HP: 81/92 MP: 13/13
  9870 | D:9      | Found a sacrificial altar of Ru.
 10282 | D:10     | Entered Level 10 of the Dungeon
 10312 | D:10     | Noticed a hill giant
 10320 | D:10     | Killed a hill giant
 10340 | D:10     | Noticed a hill giant
 10361 | D:10     | Killed a hill giant
 10443 | D:10     | Found a glowing silver altar of Zin.
 10616 | D:10     | Found a staircase to the Orcish Mines.
 10631 | D:10     | Noticed a hill giant
 10636 | D:10     | Killed a hill giant
 10645 | D:10     | Found a portal to a secret trove of treasure.
 11023 | D:10     | Reached ****** piety under Cheibriados
 11653 | D:11     | Reached skill level 10 in Invocations
 11787 | D:11     | Noticed Maud
 11797 | D:11     | Killed Maud
 11936 | D:12     | Reached XP level 12. HP: 95/101 MP: 17/17
 12129 | D:12     | Noticed a six-headed hydra
 12138 | D:12     | Killed a ten-headed hydra
 12138 | D:12     | Reached skill level 12 in Unarmed Combat
 12138 | D:12     | HP: 1/101 [slime creature (15)]
 12140 | D:12     | Slain by a gnoll sergeant

Action                   |  1- 3 |  4- 6 |  7- 9 | 10-12 || total
-------------------------+-------+-------+-------+-------++-------
Melee: Unarmed           |    94 |   196 |   392 |   494 ||  1176
       Giant spiked club |       |       |     1 |       ||     1
 Cast: Blink             |       |       |     6 |       ||     6
Invok: Slouch            |       |       |       |     2 ||     2
       Bend Time         |       |       |       |     1 ||     1
Evoke: Wand              |       |       |       |     2 ||     2
  Use: Scroll            |       |       |    12 |     5 ||    17
       Potion            |       |       |     9 |     7 ||    16
 Stab: Sleeping          |     2 |     4 |     1 |     4 ||    11
       Distracted        |     1 |       |       |     1 ||     2
       Paralysed         |       |       |       |     4 ||     4
  Eat: Chunk             |    14 |    15 |    32 |    35 ||    96
       Bread ration      |       |       |       |     2 ||     2
       Royal jelly       |       |       |       |     1 ||     1
